 Dungeon Crawl Stone Soup version 0.30.0-19-g36f170ea60 (webtiles) character file.

Game seed: 17335343840290415862

8834 adizb the Grappler (level 11, -6/96 HPs)
             Began as a Troll Monk on May 25, 2023.
             Was a High Priest of Hepliaklqana.
             Mangled by a komodo dragon (23 damage)
             ... on level 1 of the Lair of Beasts on May 28, 2023.
             The game lasted 00:47:14 (6134 turns).

adizb the Grappler (Troll Monk)                     Turns: 6134, Time: 00:47:15

Health: -6/96      AC:  8    Str: 25    XL:     11   Next: 15%
Magic:  10/14      EV: 13    Int:  6    God:    Hepliaklqana [*****.]
Gold:   408        SH:  0    Dex: 18    Spells: 10/10 levels left

rFire   + +          .
                       - Unarmed
rCold   + . .        (no shield)
rNeg    . . .        L - +0 steam dragon scales
rPois   .            (helmet restricted)
rElec   .            N - scarf {rC+ rF+}
rCorr   .            (gloves unavailable)
SInv    .            (boots unavailable)
Will    .....        (no amulet)
Stlth   ++           l - +6 ring of dexterity
HPRegen 1.16/turn    h - ring of protection from fire
MPRegen 0.14/turn

%: no passive effects
@: no status effects
A: reduced essence, large, unfitting armour, claws 3, regeneration 1, shaggy fur
1, tough skin 1
a: Renounce Religion, Recall Ancestor, Ancestor Identity, Transference, Idealise


You were on level 1 of the Lair of Beasts.
You worshipped Hepliaklqana.
Hepliaklqana was extremely pleased with you.
You visited 2 branches of the dungeon, and saw 9 of its levels.
You also visited: Sewer.

You collected 480 gold pieces.
You spent 72 gold pieces at shops.

Inventory:

Missiles
 c - 2 throwing nets (quivered)
Armour
 w - a +0 cloak
 L - +0 steam dragon scales (worn)
 N - a scarf of resistance (worn)
Jewellery
 h - a ring of protection from fire (right claw)
 l - a +6 ring of dexterity (left claw)
 E - a ring of fire
 M - an amulet of magic regeneration
Wands
 t - a wand of flame (25)
 F - a wand of mindburst (10)
 H - a wand of polymorph (14)
 K - a wand of iceblast (6)
Scrolls
 d - 3 scrolls of fear
 e - a scroll of torment {unknown}
 k - a scroll of blinking
 m - 2 scrolls of vulnerability {unknown}
 p - 4 scrolls of fog
 r - 2 scrolls of enchant weapon
 v - a scroll of amnesia {unknown}
 x - 2 scrolls of immolation {unknown}
 y - a scroll of acquirement {unknown}
 z - 2 scrolls of enchant armour
 A - 9 scrolls of teleportation {unknown}
 B - 3 scrolls of poison
 D - 2 scrolls of magic mapping {unknown}
 G - a scroll of summoning {unknown}
 J - a scroll of brand weapon {unknown}
Potions
 b - a potion of ambrosia
 f - 3 potions of curing
 g - a potion of degeneration {unknown}
 i - 2 potions of cancellation {unknown}
 j - 7 potions of haste
 n - 3 potions of brilliance {unknown}
 o - a potion of flight {unknown}
 q - 4 potions of heal wounds {unknown}
 s - a potion of might
 u - a potion of mutation {unknown}
 C - a potion of attraction {unknown}
 I - a potion of resistance {unknown}


   Skills:
 + Level 6.5 Fighting
 + Level 6.0 Armour
 + Level 6.4 Dodging
 * Level 10.8 Unarmed Combat
 + Level 5.7 Invocations


You had 10 spell levels left.
You didn't know any spells.
Your spell library contained the following spells:

 Spells                   Type           Power      Damage    Failure   Level
 Blink                    Tloc           0%         N/A       58%         2
 Vhi's Electric Charge    Tloc/Air       0%         N/A       83%         3
 Manifold Assault         Tloc           0%         N/A       99%         4
 Arcjolt                  Conj/Air       0%         1d10      100%        5
 Storm Form               Tmut/Air       0%         N/A       100%        7
 Maxwell's Capacitive Co  Air            0%         ∞         100%        8


Dungeon Overview and Level Annotations

Branches:
Dungeon (8/15)             Temple (0/1) D:4            Lair (1/5) D:8
  Sewer (visited)

Altars:
Cheibriados
Dithmenos
Hepliaklqana
Kikubaaqudgha
Makhleb
Nemelex Xobeh
Okawaru
Trog
Wu Jian

Shops:
D:3 !


Innate Abilities, Weirdness & Mutations

Your life essence is reduced to manifest your ancestor. (-10% HP)
You are too large for most types of armour.
You have claws for hands.
Your natural rate of healing is unusually fast.
You are covered in fur. (AC +1)
You have tough skin. (AC +1)


Message History

The yak gores Ziutek.
Ziutek hits the yak with a +0 quarterstaff!
The yak gores Ziutek!
The yak closely misses Ziutek.
You see here a water moccasin corpse.
Ziutek hits the yak with a +0 quarterstaff!
The yak dies!
The yak gores Ziutek.
Hepliaklqana grants Ziutek healing and protection!
Ziutek is healed somewhat.
Ziutek hits the yak with a +0 quarterstaff!
The yak closely misses you.
The yak gores Ziutek. x2
You mangle the yak!! You claw the yak!
You kill the yak!
Ziutek hits the yak with a +0 quarterstaff!!!
The yak dies!
The yak gores you! The yak barely misses you.
Your Armour skill increases to level 6!
You barely miss the cane toad.
Ziutek hits the yak with a +0 quarterstaff!!
The cane toad stings you!
You are poisoned.
The cane toad poisons you!
You claw the yak!
You kill the yak!
You feel very sick.
The yak gores Ziutek!
The yak gores you! The cane toad barely misses you.
You scratch the komodo dragon but do no damage.
You claw the komodo dragon.
The komodo dragon is lightly wounded.
You feel very sick.
Ziutek barely misses the yak.
The yak gores you!
The yak gores Ziutek!
The komodo dragon bites you! The cane toad stings you!
* * * LOW HITPOINT WARNING * * *
Okay, then.
You feel better.
Ziutek points at the yak and mumbles some strange words.
The puff of frost hits the yak!
The yak gores Ziutek.
The yak gores you!
* * * LOW HITPOINT WARNING * * *
The komodo dragon bites you!!
You die...

#...P##...# ..#
#.......P## ####.P#
##......######....#
#.......###....####
###.......#....##
###. #...#.........#
.....
#..##.......###>...#
####...............#
####...R@.#†#.##..
##.YYlF......
#........#.#
#....##?......
#.....# #.......
#....## ....# .
.....# ##.#. .....
..


You could see the friendly Ziutek the battlemage (idealised), a komodo dragon, 2
yaks and a cane toad.

Vanquished Creatures
  3 death yaks (D:8)
  A komodo dragon (Lair:1)
  A hornet (D:8)
  8 yaks
  A steam dragon (D:8)
  2 water moccasins
  An ice beast (D:8)
  A sky beast (D:8)
  A black bear (D:6)
  An ogre (D:5)
  3 centaurs
  A lemure (D:5)
  2 kobold brigands
  4 bullfrogs
  A scorpion (D:4)
  3 wights (D:7)
  A howler monkey (D:8)
  2 hounds
  2 orc priests (D:8)
  Crazy Yiuf (D:6)
  4 jellies
  3 iguanas
  A hell rat (D:8)
  3 orc wizards
  Natasha (twice) (D:3)
  2 gnolls (D:5)
  9 adders
  4 river rats
  A shadow imp (D:6)
  2 white imps (D:7)
  An ufetubus (D:5)
  3 worms
  4 dart slugs
  8 orcs
  5 endoplasms
  4 giant cockroaches
  7 goblins
  3 hobgoblins
  4 jackals
  3 quokkas
  9 ball pythons
  A bat (D:1)
  5 frilled lizards
  7 kobolds
  17 rats
152 creatures vanquished.

Vanquished Creatures (collateral kills)
  Pikel (D:5)
  A cane toad (Lair:1)
  4 yaks
  A steam dragon (D:8)
  A water moccasin (D:7)
  An orc warrior (D:8)
  A sky beast (D:6)
  A black bear (D:8)
  2 ogres
  2 centaurs
  A phantom (D:5)
  A kobold brigand (Sewer)
  2 bullfrogs (D:8)
  2 scorpions
  2 wights (D:7)
  A crimson imp (D:7)
  A jelly (D:5)
  2 orc priests
  Natasha (D:3)
  2 iguanas
  5 orc wizards
  A hell rat (D:8)
  2 gnolls (D:5)
  3 adders
  2 river rats (Sewer)
  2 white imps
  An ufetubus (D:5)
  9 orcs
  2 bats (D:3)
  4 endoplasms
  4 giant cockroaches
  A goblin (D:4)
  A hobgoblin (D:4)
  A jackal (D:5)
  14 kobolds
  2 quokkas (D:3)
  3 ball pythons
  2 frilled lizards (Sewer)
  9 rats
98 creatures vanquished.

Vanquished Creatures (others)
  A battlemage (D:8)
  A river rat (D:8)
  A quokka (D:8)
3 creatures vanquished.

Grand Total: 253 creatures vanquished

Notes
Turn   | Place    | Note
-------+----------+-------------------------------------------
     0 | D:1      | adizb the Troll Monk began the quest for the Orb.
     0 | D:1      | Reached XP level 1. HP: 22/22 MP: 0/0
    51 | D:1      | Reached XP level 2. HP: 29/29 MP: 1/1
   494 | D:1      | Reached XP level 3. HP: 34/36 MP: 2/2
   673 | D:1      | Upgraded the game from 0.30.0-18-gc0e69614cb to
                  | 0.30.0-19-g36f170ea60
   920 | D:2      | Reached skill level 1 in Armour
  1102 | D:2      | Reached XP level 4. HP: 37/44 MP: 3/3
  1179 | D:2      | Reached skill level 4 in Unarmed Combat
  1499 | D:3      | Noticed Natasha
  1508 | D:3      | Killed Natasha
  1529 | D:3      | Found a faded altar of an unknown god.
  1534 | D:3      | Found a snail-covered altar of Cheibriados.
  1540 | D:3      | Prayed at the altar of an unknown god.
  1540 | D:3      | Became a worshipper of Hepliaklqana the Forgotten
  1540 | D:3      | Reached * piety under Hepliaklqana
  1540 | D:3      | Reached ** piety under Hepliaklqana
  1549 | D:3      | Remembered your ancestor Ziutek as a battlemage
  1584 | D:3      | Reached XP level 5. HP: 47/47 MP: 4/4
  1684 | D:3      | Reached *** piety under Hepliaklqana
  1772 | D:3      | Noticed Natasha
  1776 | D:3      | Killed Natasha
  1780 | D:3      | Found Wosmash's Distillery.
  1807 | D:3      | Found a glowing drain.
  1821 | Sewer    | Entered a sewer
  1957 | Sewer    | Reached XP level 6. HP: 25/54 MP: 5/5
  1974 | Sewer    | Reached skill level 5 in Unarmed Combat
  2232 | D:3      | Bought a potion of curing for 36 gold pieces
  2232 | D:3      | Bought a potion of curing for 36 gold pieces
  2447 | D:3      | Noticed Natasha
  2453 | D:3      | Killed Natasha
  2614 | D:4      | Reached XP level 7. HP: 59/60 MP: 6/6
  2644 | D:4      | Found a staircase to the Ecumenical Temple.
  2791 | D:4      | Reached skill level 1 in Invocations
  2986 | D:4      | Found an ornate altar of the Wu Jian Council.
  3090 | D:5      | Entered Level 5 of the Dungeon
  3230 | D:5      | Found a shadowy altar of Dithmenos.
  3273 | D:5      | Reached skill level 6 in Unarmed Combat
  3316 | D:5      | Noticed Pikel
  3334 | D:5      | Killed Pikel
  3335 | D:5      | Reached XP level 8. HP: 49/70 MP: 6/8
  3479 | D:5      | Reached **** piety under Hepliaklqana
  3532 | D:5      | Reached skill level 7 in Unarmed Combat
  3999 | D:6      | Reached XP level 9. HP: 76/76 MP: 10/10
  4163 | D:6      | Found a runed translucent door.
  4164 | D:6      | Noticed Crazy Yiuf
  4171 | D:6      | Killed Crazy Yiuf
  4282 | D:6      | Reached skill level 8 in Unarmed Combat
  4588 | D:6      | Reached skill level 5 in Fighting
  4649 | D:7      | Reached skill level 5 in Dodging
  5040 | D:7      | Found a burning altar of Makhleb.
  5122 | D:7      | Found a sparkling altar of Nemelex Xobeh.
  5374 | D:8      | Reached skill level 9 in Unarmed Combat
  5385 | D:8      | Reached ***** piety under Hepliaklqana
  5534 | D:8      | Found a bloodstained altar of Trog.
  5571 | D:8      | Found an ancient bone altar of Kikubaaqudgha.
  5581 | D:8      | Reached XP level 10. HP: 83/86 MP: 12/12
  5701 | D:8      | Found an iron altar of Okawaru.
  5716 | D:8      | Found a staircase to the Lair.
  5716 | D:8      | Noticed a death yak
  5720 | D:8      | Noticed a death yak
  5720 | D:8      | Noticed a death yak
  5722 | D:8      | Reached skill level 5 in Armour
  5737 | D:8      | Killed a death yak
  5743 | D:8      | Killed a death yak
  5771 | D:8      | Killed a death yak
  5772 | D:8      | Reached skill level 10 in Unarmed Combat
  5772 | D:8      | Reached skill level 5 in Invocations
  6021 | Lair:1   | Entered Level 1 of the Lair of Beasts
  6059 | Lair:1   | Noticed a cane toad
  6067 | Lair:1   | Killed a cane toad
  6068 | Lair:1   | Reached XP level 11. HP: 42/96 MP: 14/14
  6134 | Lair:1   | Mangled by a komodo dragon

Illustrated notes

Levels and vault maps discovered:
D:1:      psy_arrival_whirlpool, layout_loops_ring, minmay_pentomino_o2
D:2:      layout_loops_corners
D:3:      layout_basic, nicolae_overflow_ecumenical_swirl, serial_shops, shop,
          gup_sewer_entry_pipe, amethyst_killhole, kennysheep_generic_room_12,
          uniq_natasha
D:4:      layout_basic, nicolae_wu_jian_glorious_leap,
          minmay_temple_entry_poolview, st_stairs_14
D:5:      kennysheep_big_flooded_room, layout_loops_ring,
          mainiacjoe_overflow_alcove_4, serial_bayou_pond_a, minivault_4,
          uniq_pikel
D:6:      layout_loops_ring, uniq_crazy_yiuf_cottage
D:7:      layout_basic, makhleb_grotto_becter, nemelex_dance_club_becter,
          kennysheep_crisscross
D:8:      layout_loops_ring, nicolae_elyvilon_temple_path,
          mainiacjoe_overflow_chevrons, lemuel_tele_altar,
          kiku_gazebo_pond_becter, dpeg_lair_monsters, minmay_bent
Lair:1:   layout_misc_corridors, ebering_ghost_inner_flame

Skill      XL: |  1  2  3  4  5  6  7  8  9 10 11 |
---------------+----------------------------------+-----
Armour         | 1 2 3 4 5 6 |  6.0
Unarmed Combat | 4 5 6 7 9 10 | 10.8
Fighting       | 3 4 5 6 |  6.5
Dodging        | 3 4 5 6 |  6.4
Invocations    | 2 3 4 5 |  5.7

Action                     |  1- 3 |  4- 6 |  7- 9 | 10-12 || total
---------------------------+-------+-------+-------+-------++-------
  Melee: Unarmed           |    89 |   107 |   178 |    95 ||   469
         Punch             |       |     3 |     7 |     8 ||    18
 Invoke: Ancestor Life: Ba |       |     1 |       |       ||     1
         Ancestor Identity |       |     1 |       |       ||     1
         Idealise          |       |       |       |     1 ||     1
    Use: Scroll            |     1 |     3 |     3 |       ||     7
         Potion            |       |       |     2 |     1 ||     3
   Stab: Sleeping          |     2 |     2 |     2 |     1 ||     7
         Distracted        |       |     1 |     5 |     1 ||     7
 Armour: Robe              |    19 |    35 |    50 |       ||   104
         Steam dragon scal |       |       |       |    21 ||    21
  Dodge: Dodged            |    28 |    76 |   103 |    38 ||   245
